 Dungeon Crawl Stone Soup version 0.21.1-1-g345015f (webtiles) character file.

707 Monsterracer the Covered (level 7, -4/44 HPs)
             Began as a Gargoyle Fighter on June 13, 2018.
             Slain by an ogre
             ... wielding a +0 giant spiked club
              (13 damage)
             ... on level 5 of the Dungeon.
             The game lasted 00:03:57 (4617 turns).

Monsterracer the Covered (Gargoyle Fighter)         Turns: 4617, Time: 00:03:58

Health: -4/44      AC: 15    Str: 19    XL:     7   Next: 67%
Magic:  7/7        EV:  7    Int:  7    God:
Gold:   254        SH: 12    Dex: 11    Spells: 6/6 levels left

rFire    . . .     SeeInvis .   o - +0 broad axe
rCold    . . .     Gourm    .   f - +0 shield
rNeg     + . .     Faith    .   b - +0 scale mail
rPois    ∞         Spirit   .   w - +0 helmet
rElec    +         Reflect  +   y - +0 cloak
rCorr    .         Harm     .   k - +0 pair of gloves
MR       .....                  (no boots)
Stlth    ..........             g - amulet "Ofuraz" {Reflect +Inv rElec Int-2 SH+3}
HPRegen  0.14/turn              j - ring of flight
MPRegen  0.10/turn              (no ring)

@: no status effects
A: negative energy resistance 1, electricity resistance, unbreathing,
petrification resistance, rot immunity, AC +4
a: Evoke Invisibility, Evoke Flight


You were on level 5 of the Dungeon.
You were hungry.

You visited 1 branch of the dungeon, and saw 5 of its levels.

You collected 254 gold pieces.

Inventory:

Hand Weapons
 o - a +0 broad axe (weapon)
Armour
 b - a +0 scale mail (worn)
 f - a +0 shield (worn)
 k - a +0 pair of gloves (worn)
 w - a +0 helmet (worn)
 y - a +0 cloak (worn)
Jewellery
 a - an uncursed ring of fire
 g - the amulet "Ofuraz" (around neck) {Reflect +Inv rElec Int-2 SH+3}
   (You found it on level 4 of the Dungeon)

   [amulet of reflection]

   It shields you and reflects attacks.
   It affects your intelligence (-2).
   It insulates you from electricity.
   It lets you turn invisible.
   It affects your SH (+3).
 j - a ring of flight (left hand)
Wands
 x - a wand of enslavement (17)
Scrolls
 e - a scroll of fog
 i - 2 scrolls of remove curse
 l - a scroll of teleportation
Potions
 d - 2 potions of might
 h - a potion of haste
 m - a potion of magic {unknown}
 n - a potion of ambrosia {!q}
 p - a potion of resistance {unknown}
 q - a potion of heal wounds
 r - 2 potions of agility
 t - a potion of invisibility {unknown}
 u - a potion of degeneration {unknown}
 v - a potion of lignification {unknown}
Comestibles
 c - 13 rations


   Skills:
 + Level 5.0 Fighting
 * Level 5.0 Axes
 + Level 5.1 Armour
 + Level 5.1 Shields


You had 6 spell levels left.
You didn't know any spells.

Dungeon Overview and Level Annotations

Branches:
Dungeon (5/15)
 Temple: D:4-7

Altars:
Xom

Shops:
D:5 (


Innate Abilities, Weirdness & Mutations

You are resistant to torment.
Your stone body is resilient. (AC +4)
You are immune to poison.
You resist negative energy. (rN+)
You are resistant to electric shocks. (rElec)
You can survive without breathing.
You are immune to petrification.
You are immune to rotting.


Message History

a flail; a gnoll skeleton
There is an entrance to Wuvusom's Antique Weapon Emporium here.
All of the chunks of flesh in your inventory have rotted away.
You now have 213 gold pieces (gained 11).
Key pressed, stopping explore.
Found a stone staircase leading up.
No target in view!
You now have 220 gold pieces (gained 7).
s - a scroll of identify No target in view!
Found 23 stones.
No target in view!
No target in view!
You see here 23 stones.
A frilled lizard comes into view.
The frilled lizard hisses angrily.
You miss the frilled lizard. The frilled lizard barely misses you.
A frilled lizard is nearby!
You slash the frilled lizard!
You kill the frilled lizard!
Found a scroll of random uselessness.
No target in view!
You now have 231 gold pieces (gained 11).
You see here a scroll of random uselessness.
v - a scroll labeled MIFOHAMYXT No target in view!
No target in view!
Found a stone staircase leading down.
You now have 245 gold pieces (gained 14).
No target in view!
No target in view!
There is a stone staircase leading down here.
There is a stone staircase leading up here.
A crimson imp comes into view.
The crimson imp shouts!
A crimson imp is nearby!
Found a ration.
As you read the scroll labeled MIFOHAMYXT, it crumbles to dust.
Your body is wracked with pain!
It was a scroll of torment.
The crimson imp shouts, "Get thee gone, thou twisted fat-kidneyed clack-dish!"
You take 8 damage, and have 36/44 hp.
A crimson imp is nearby!
You slash the crimson imp!
The crimson imp is severely wounded.
The crimson imp picks up a beetle and eats it.
The crimson imp hits you but does no damage.
You block the crimson imp's attack.
You miss the crimson imp.
The crimson imp is heavily wounded.
You block the crimson imp's attack.
A crimson imp is nearby!
You hit the crimson imp.
The crimson imp is heavily wounded.
You block the crimson imp's attack.
A crimson imp is nearby!
You miss the crimson imp.
The crimson imp is heavily wounded.
You block the crimson imp's attack. x2
You slash the crimson imp!
You kill the crimson imp!
v - a coppery potion You now have 254 gold pieces (gained 9).
Health restored: 44 No target in view!
Found a stone staircase leading down.
No target in view!
c - 13 rations (gained 1)
You are feeling hungry.
No target in view!
An ogre comes into view. It is wielding a giant spiked club.
As you read the scroll of identify, it crumbles to dust.
n - a potion of ambrosia The ogre hits you with a giant spiked club!
You take 14 damage, and have 30/44 hp.
MASSIVE DAMAGE!!
You are too injured to fight recklessly!
An ogre is nearby!
You are too injured to fight recklessly!
You are too injured to fight recklessly!
Your scale mail prevents you from hitting the ogre.
The ogre hits you with a giant spiked club!
* * * LOW HITPOINT WARNING * * *
You take 8 damage, and have 22/44 hp.
You barely miss the ogre. You block the ogre's attack.
You completely miss the ogre. The ogre closely misses you.
You barely miss the ogre. The ogre barely misses you.
You hit the ogre but do no damage.
The ogre hits you with a giant spiked club!
* * * LOW HITPOINT WARNING * * *
You take 6 damage, and have 16/44 hp.
Unknown command.
You hit the ogre.
The ogre is lightly wounded.
You block the ogre's attack.
You hit the ogre.
The ogre is lightly wounded.
The ogre hits you with a giant spiked club!
* * * LOW HITPOINT WARNING * * *
You take 8 damage, and have 8/44 hp.
The ogre hits you with a giant spiked club!
You die...

#.# #.#>##..#........
#.# #.#.##........###
#.#####.#.##.#.....##
#............#.#####
#######.#.####.#
###.....# #.# #......##
#.# ##.....O#####.#
#......@...##.#
#.......##.# .##
#.......##.# ..#
#.##.##.##.# #.##### #.
#.##.##.# #.#...
#.##.#...#.###.#.#
#.##.#...........# #####
#.##.#...#.####..###....
#.##.##.##.# #......###


You could see an ogre.

Vanquished Creatures
  An ogre (D:4)
  A gnoll sergeant (D:5)
  A howler monkey (D:5)
  A crimson imp (D:5)
  3 hounds
  3 orc wizards
  An iguana (D:4)
  A hound skeleton (D:4)
  3 adders (D:4)
  11 gnolls
  A howler monkey skeleton (D:4)
  An ooze (D:4)
  3 worms
  5 dart slugs
  2 leopard geckos
  10 orcs
  7 giant cockroaches
  15 goblins
  16 hobgoblins
  5 jackals
  8 kobolds
  2 quokkas
  A ball python (D:3)
  9 bats
  4 frilled lizards
  A jackal skeleton (D:4)
  4 rats
120 creatures vanquished.

Notes
Turn   | Place    | Note
-------+----------+-------------------------------------------
     0 | D:1      | Monsterracer the Gargoyle Fighter began the quest for the Orb.
     0 | D:1      | Reached XP level 1. HP: 14/14 MP: 1/1
    65 | D:1      | Reached XP level 2. HP: 14/19 MP: 2/2
   353 | D:1      | Reached XP level 3. HP: 23/23 MP: 3/3
   649 | D:2      | Found a shimmering altar of Xom.
  1133 | D:2      | Reached XP level 4. HP: 29/29 MP: 4/4
  1258 | D:2      | HP: 11/29 [gnoll/spear (5)]
  1649 | D:3      | Reached XP level 5. HP: 33/33 MP: 5/5
  2775 | D:4      | Reached XP level 6. HP: 36/38 MP: 6/6
  2959 | D:4      | HP: 15/39 [ogre/giant club (9)]
  3456 | D:4      | HP: 18/39 [iguana (8)]
  3462 | D:4      | Reached XP level 7. HP: 12/44 MP: 7/7
  3468 | D:4      | HP: 10/44 [hound (3)]
  3734 | D:4      | Got a heavily runed steel amulet
  3829 | D:4      | Identified the amulet "Ofuraz" {Reflect +Inv rElec Int-2 SH+3} (You found it on level 4 of the Dungeon)
  4085 | D:5      | Entered Level 5 of the Dungeon
  4091 | D:5      | Found Wuvusom's Antique Weapon Emporium.
  4101 | D:5      | HP: 21/44 [howler monkey (3)]
  4106 | D:5      | HP: 16/44 [howler monkey (1)]
  4110 | D:5      | HP: 6/44 [gnoll sergeant/spear of flaming (3)]
  4111 | D:5      | HP: 2/44 [gnoll sergeant/spear of flaming (5)]
  4115 | D:5      | Reached skill level 5 in Armour
  4115 | D:5      | Reached skill level 5 in Shields
  4115 | D:5      | Reached skill level 5 in Fighting
  4184 | D:5      | Reached skill level 5 in Axes
  4600 | D:5      | HP: 22/44 [ogre/giant spiked club (8)]
  4606 | D:5      | HP: 8/44 [ogre/giant spiked club (8)]
  4617 | D:5      | Slain by an ogre

Skill      XL: |  1  2  3  4  5  6  7 |
---------------+----------------------+-----
Axes           | 2 3 4 5 |  5.0
Fighting       | 4 5 |  5.0
Armour         | 4 5 |  5.1
Shields        | 4 5 |  5.1

Action                   |  1- 3 |  4- 6 |  7- 9 || total
-------------------------+-------+-------+-------++-------
Melee: War axe           |   101 |   196 |     8 ||   305
       Broad axe         |       |       |    55 ||    55
 Abil: Evoke Flight      |     1 |       |       ||     1
  Use: Scroll            |       |    11 |     2 ||    13
       Potion            |       |       |     1 ||     1
  Eat: Chunk             |     1 |     8 |     3 ||    12
Armor: Scale mail        |    55 |   144 |    38 ||   237
Dodge: Dodged            |    31 |    78 |    18 ||   127
Block: Shield            |    44 |   131 |    53 ||   228

Vault maps used:
D:1:      minmay_arrival_glassed_features, minmay_split_cup_large
D:2:      xom_teletrap_fun
D:3:      cheibrodos_greedy_goblins, first_ration
D:5:      gammafunk_temple_overflow_pools, serial_shops, shop, tgw_fedhas,
          uniq_pikel
